Map: Prion Terraces

Players

MorN - Winner!

  • Race: Terran Terran
  • League: Diamond

Necrarch

  • Race: Terran Terran

VOD

Have the link to the VOD?

Description

Time

  • Played on: Nov. 13, 2015, 11:01 p.m.
  • Length: 12:15
Show
View Real Time Build Order
Export as new Build Order

MorN Terran - Winner!

Build Orders: Reaper Expand, Bio Tank, MMM Bio 

Get SALT Encoding   

  12  0:01  SCV  
  13  0:13  SCV  
  14  0:17  Supply Depot  
  14  0:25  SCV  
  15  0:28  Refinery  
  15  0:41  Barracks  
  15  0:46  SCV  
  16  1:00  SCV  
  17  1:13  SCV  
  18  1:28  Reaper  
  19  1:37  Command Center  
  19  1:43  Orbital Command  
  19  1:51  Refinery  
  19  1:59  Factory  
  19  2:11  Reaper  
  19  2:13  SCV  
  21  2:24  Supply Depot  
  20  2:39  SCV  
  20  2:43  Reaper  
  20  2:57  SCV, Hellion  
  23  3:00  Starport  
  23  3:06  Orbital Command  
  23  3:15  SCV, Reaper  
  23  3:18  Hellion  
  27  3:27  SCV  
  27  3:32  SCV  
  29  3:39  SCV, Viking  
  32  3:51  SCV  
  32  4:06  Hellion, Reaper  
  34  4:19  Medivac  
  34  4:29  Factory Tech Lab  
  34  4:33  SCV  
  34  4:34  SCV  
  36  4:40  Barracks  
  36  4:41  Barracks  
  36  4:42  Barracks  
  36  4:44  Barracks  
  36  4:45  SCV, Barracks Tech Lab  
  37  4:46  SCV  
  37  4:52  Siege Tank  
  41  4:54  Starport Reactor  
  41  4:57  SCV  
  41  4:59  SCV  
  43  5:00  Engineering Bay  
  43  5:05  Marine  
  44  5:09  SCV  
  44  5:13  SCV, Stimpack  
  46  5:21  Supply Depot  
  46  5:24  Supply Depot  
  46  5:25  SCV x2  
  46  5:28  Refinery x2  
  48  5:30  Barracks Reactor x2  
  48  5:31  Barracks Reactor  
  48  5:32  Barracks Reactor  
  48  5:37  SCV x2  
  50  5:44  Missile Turret  
  50  5:49  SCV  
  52  5:50  SCV  
  52  5:57  Marine  
  52  6:01  SCV  
  52  6:02  SCV  
  53  6:05  Medivac x2  
  53  6:08  Marine x2  
  53  6:09  Marine x5  
  64  6:11  Marine  
  64  6:13  SCV  
  64  6:16  Supply Depot  
  64  6:17  SCV  
  67  6:21  Terran Infantry Weapons Level 1  
  67  6:24  Marine  
  68  6:26  Marine  
  69  6:36  Supply Depot  
  69  6:37  Siege Tank  
  69  6:38  Marine x2  
  69  6:39  Supply Depot  
  74  6:40  Marine  
  74  6:41  Marine  
  74  6:43  Marine  
  77  6:51  Marine  
  77  6:52  Supply Depot  
  78  6:57  SCV x2, Medivac, Marine x2  
  78  6:59  Medivac  
  78  7:00  Marine  
  87  7:02  Marine  
  87  7:05  Marine x2  
  87  7:06  Marine  
  87  7:08  Marine  
  92  7:10  Marine  
  92  7:13  Combat Shields  
  94  7:17  Supply Depot  
  94  7:21  Marine x2  
  94  7:22  Supply Depot, Marine  
  96  7:24  Marine  
  97  7:33  Marine x2  
  97  7:34  Marine  
  97  7:35  Medivac  
  102  7:39  Siege Tank, Medivac  
  109  7:58  Marine x3  
  109  7:59  Supply Depot  
  109  8:00  Supply Depot, Marine x4  
  114  8:10  Supply Depot, Marine x2  
  117  8:15  Terran Infantry Armor Level 1  
  117  8:16  Medivac  
  117  8:18  Supply Depot  
  118  8:20  Marine x3  
  118  8:21  Supply Depot  
  121  8:28  Marine x4  
  121  8:29  Marine x2  
  127  8:38  Marine x2  
  127  8:39  Marine  
  128  8:46  Marine  
  122  8:53  Marine x2  
  122  8:54  Marine  
  111  8:55  Marine  
  111  8:56  Marine x2  
  111  8:57  Marine  
  89  9:14  Marine x3  
  89  9:15  Marine x3  
  89  9:18  SCV  
  90  9:25  Marine x2  
  92  9:31  Engineering Bay  
  92  9:32  Marine x4  
  92  9:34  Armory  
  92  9:36  SCV  
  97  9:39  Marine  
  97  9:40  Supply Depot  
  97  9:42  Command Center  
  97  9:44  Marine  
  97  9:45  Marine x2  
  101  9:50  Marine  
  102  9:54  Marine x3  
  102  9:57  Marine  
  106  10:02  Marine x2  
  106  10:05  Barracks Reactor  
  108  10:08  Marine  
  108  10:09  Supply Depot  
  108  10:12  Marine x2  
  109  10:18  Marine x2  
  109  10:20  Marine x2  
  104  10:26  Marine  
  101  10:30  Marine x2  
  101  10:35  Siege Tank  
  105  10:36  Marine x2  
  105  10:38  Marine x2  
  107  10:43  Marine x3  
  107  10:48  Marine x2  
  108  10:53  Marine  
  108  10:54  Marine  
  108  10:56  Marine x2  
  112  11:00  Marine  
  113  11:05  Marine  
  113  11:08  Marine x3  
  113  11:10  Orbital Command  
  117  11:11  Marine  
  117  11:25  Marine x2  
  119  11:33  Marine x4  
  119  11:34  Siege Tank, Medivac x2  
  119  11:39  Marine x2  
  128  11:47  Marine x3  
  128  11:52  SCV x2  
  133  11:54  Marine  
  133  11:55  Supply Depot, Marine  
Show
View Real Time Build Order
Export as new Build Order

Necrarch Terran 

Build Orders: Reaper Expand, MMM Bio 

Get SALT Encoding   

  12  0:01  SCV  
  13  0:13  SCV  
  14  0:17  Supply Depot  
  14  0:25  SCV  
  15  0:39  SCV  
  15  0:41  Barracks  
  16  0:44  Refinery  
  16  0:51  SCV  
  17  1:03  SCV  
  18  1:15  SCV  
  19  1:27  Orbital Command  
  19  1:28  Reaper  
  19  1:30  Barracks  
  20  1:53  Command Center  
  20  1:55  SCV  
  20  2:01  Barracks Tech Lab  
  21  2:07  SCV  
  22  2:13  Refinery  
  22  2:16  Supply Depot  
  22  2:19  Stimpack  
  22  2:21  SCV  
  23  2:34  SCV  
  23  2:37  Marine  
  24  2:54  SCV  
  24  2:55  Marine x2  
  27  3:05  Orbital Command  
  27  3:06  SCV  
  27  3:08  Factory  
  28  3:17  Marine x2  
  28  3:18  SCV  
  31  3:27  Engineering Bay  
  31  3:30  SCV  
  32  3:36  Orbital Command  
  32  3:39  Marine  
  32  3:40  Barracks Reactor  
  30  3:57  Marine  
  31  4:06  Barracks  
  30  4:11  Factory Tech Lab  
  30  4:14  Marine  
  31  4:19  Marine x2  
  31  4:20  SCV  
  31  4:21  SCV  
  33  4:31  Siege Tank  
  33  4:32  SCV  
  33  4:33  SCV  
  33  4:36  Terran Infantry Weapons Level 1, Bunker  
  33  4:37  Starport, Marine  
  40  4:38  Supply Depot  
  40  4:42  Combat Shields, Supply Depot  
  40  4:44  SCV, Marauder, Marine  
  43  4:45  SCV  
  44  4:54  Barracks Reactor  
  44  4:59  Supply Depot  
  44  5:02  SCV x2  
  46  5:14  SCV x2  
  46  5:15  Starport Reactor  
  46  5:16  Marine x2  
  50  5:22  Engineering Bay  
  50  5:26  SCV  
  51  5:30  Marine x2  
  51  5:31  Marine  
  51  5:32  SCV  
  55  5:37  Refinery  
  55  5:38  SCV  
  55  5:41  Marine  
  57  5:44  SCV, Siege Tank  
  57  5:49  Marine  
  62  5:50  Terran Infantry Armor Level 1  
  62  5:51  Missile Turret  
  62  5:52  SCV  
  63  5:57  Medivac  
  65  6:05  Marine x2  
  65  6:07  SCV x2  
  69  6:11  Refinery  
  69  6:18  Supply Depot, Medivac  
  71  6:23  Marine x2  
  73  6:26  Marine x3  
  73  6:32  Barracks  
  76  6:33  Supply Depot  
  76  6:34  Supply Depot  
  76  6:36  Armory  
  76  6:40  SCV x2  
  76  6:46  Concussive Shells  
  78  6:57  Marine x4  
  82  7:05  SCV  
  82  7:06  SCV  
  84  7:08  Command Center  
  84  7:13  Marine  
  84  7:14  Medivac  
  84  7:15  Marine  
  88  7:18  SCV x2  
  90  7:27  Marine  
  90  7:28  Supply Depot, Marine x2  
  93  7:31  Medivac  
  95  7:37  Marine x2  
  97  7:45  SCV  
  97  7:46  SCV, Marine  
  97  7:47  Marine  
  101  7:51  Terran Infantry Weapons Level 2  
  101  7:53  Supply Depot  
  101  7:57  Terran Infantry Armor Level 2  
  101  7:58  Marine  
  101  8:03  SCV, Marine x2  
  105  8:16  Marauder, Marine x2  
  109  8:25  SCV x2  
  111  8:28  Supply Depot x2  
  106  8:38  Marauder  
  93  9:01  Marine x4  
  69  9:12  Medivac x2  
  71  9:19  SCV, Marine x4  
  75  9:25  Barracks  
  75  9:26  Barracks  
  75  9:27  Orbital Command  
  75  9:31  SCV  
  75  9:36  Marine  
  75  9:37  Marine x3  
  80  9:40  Barracks  
  80  9:52  Medivac x2  
  84  9:53  SCV  
  84  9:54  Marine  
  84  9:55  Refinery x2, Marine x3  
  84  9:57  Command Center  
  89  10:05  SCV  
  90  10:12  Marine  
  90  10:13  Marine x2  
  93  10:14  Marine x2  
  73  10:30  Marine x4  
  73  10:32  Marine x2  
  54  10:47  Marine  
  54  10:48  Marine x3  
  54  10:49  Medivac, Marine  
  49  10:50  Marine x2, Medivac  
  51  11:05  Marine  
  51  11:06  Marine x2  
  51  11:08  Marine  
  39  11:24  Marine  
Tags
 
Add a new tag
Caveats
  • Supply blocks, unpowered buildings, or Contaminate may cause inaccurate times.
  • Supply counts are checked every 10 seconds.